 Dungeon Crawl Stone Soup version 0.31-a0-845-g9abc20d24f (webtiles) character file.

Game seed: 472910746781309549

195 BinkBink the Skirmisher (level 5, -6/43 HPs)
             Began as a Deep Elf Hunter on Oct 1, 2023.
             Was a Believer of Kikubaaqudgha.
             Mangled by a bullfrog (7 damage)
             ... in a sewer.
             The game lasted 00:05:35 (1558 turns).

BinkBink the Skirmisher (Deep Elf Hunter)           Turns: 1558, Time: 00:05:37

Health: -6/43      AC:  2    Str:  8    XL:     5   Next: 45%
Magic:  7/7        EV: 13    Int: 14    God:    Kikubaaqudgha [**....]
Gold:   72         SH:  0    Dex: 20    Spells: 4/4 levels left

rFire   . . .        a - +0 shortbow
rCold   . . .        (shield currently unavailable)
rNeg    . . .        i - +0 robe
rPois   .            (no helmet)
rElec   .            (no cloak)
rCorr   .            (no gloves)
SInv    .            (no boots)
Will    .....        (no amulet) Stlth
                     (no ring)
HPRegen 0.27/turn    (no ring)
MPRegen 0.10/turn

%: no passive effects
@: berserking (expiring), very quick
A: no striking features
a: Renounce Religion, Unearth Wretches


You were in a sewer.
You worshipped Kikubaaqudgha.
Kikubaaqudgha was pleased with you.
You visited 1 branch of the dungeon, and saw 3 of its levels.
You also visited: Sewer.

You collected 72 gold pieces.

Inventory:

Hand Weapons
 a - a +0 shortbow (weapon)
Missiles
 g - a throwing net
Armour
 i - a +0 robe (worn)
 k - a +0 buckler
Magical Staves
 j - a staff of death
Scrolls
 b - a scroll of butterflies
 d - a scroll of noise {unknown}
 h - a scroll of immolation {unknown}
 l - a scroll of identify {unknown}
Potions
 f - a potion of curing {unknown}


   Skills:
 - Level 1.5 Fighting
 * Level 9.0 Ranged Weapons
 - Level 2.4 Dodging
 - Level 1.2 Stealth


You had 4 spell levels left.
You didn't know any spells.
Your spell library contained the following spells:

 Spells                   Type           Power      Damage    Failure   Level
 Necrotise                Necr           0%         1d4       28%         1
 Cigotuvi's Dreadful Rot  Necr/Pois/Air  0%         N/A       41%         2
 Sublimation of Blood     Necr           0%         N/A       41%         2
 Call Canine Familiar     Summ           0%         N/A       65%         3
 Sigil of Binding         Hex            0%         N/A       65%         3
 Tukima's Dance           Hex            0%         N/A       65%         3
 Vampiric Draining        Necr           0%         2d6       65%         3
 Dimensional Bullseye     Hex/Tloc       0%         N/A       96%         4
 Iskenderun's Mystic Bla  Conj/Tloc      0%         2d3       96%         4
 Leda's Liquefaction      Hex/Erth       0%         N/A       96%         4


Dungeon Overview and Level Annotations

Branches:
Dungeon (3/15)              Sewer (1/1)

Altars:
Kikubaaqudgha

Shops:
D:1 :


Message History

You feel much better. The bullfrog hits you.
You shoot an arrow.
The arrow hits the bullfrog but does no damage.
The bullfrog is severely wounded.
The bullfrog barely misses you.
You shoot an arrow. The arrow barely misses the bullfrog.
The bullfrog hits you! The quokka closely misses you.
The bullfrog closely misses you. The bullfrog attacks as it pursues you!
The bullfrog barely misses you. The bullfrog closely misses you.
The bullfrog misses you. The bullfrog hits you. The quokka bites you.
The bullfrog hits you. The bullfrog barely misses you.
The bullfrog attacks as it pursues you! The bullfrog hits you.
* * * LOW HITPOINT WARNING * * *
The bullfrog misses you. The bullfrog barely misses you.
The quokka barely misses you. The bullfrog hits you.
* * * LOW HITPOINT WARNING * * *
The quokka attacks as it pursues you!
The quokka splashes around in the water.
The bullfrog misses you.
It was a potion of berserk rage.
A red film seems to cover your vision as you go berserk!
You feel yourself moving faster!
You feel mighty! The bullfrog barely misses you.
The quokka splashes around in the water.
The bullfrog misses you.
Okay, then.
You feel a strong urge to attack something.
The bullfrog hits you.
* * * LOW HITPOINT WARNING * * *
You are too berserk!
The bullfrog closely misses you.
You barely miss the bullfrog.
The bullfrog is severely wounded.
The bullfrog closely misses you.
The quokka bites you but does no damage.
The bullfrog hits you!
You die...
Kikubaaqudgha rasps: "You have failed me!
Welcome... death!"

#†# #≈≈≈≈~.~~~~≈~≈~≈~.#
#~# #≈≈..~....≈~≈~≈~.#
#.# #≈~∩.~.≈~~≈≈~≈≈~.#
#.# #≈≈~~~≈≈~≈≈≈~≈≈~.#
#~# #≈~≈≈≈~≈≈≈≈~≈≈~.#
#~# #≈≈≈≈~≈≈≈≈≈~~≈~÷#
#~# ##≈≈~≈≈≈≈≈≈.~≈~.#
#~########≈≈~≈~~~~.~≈~.#
#~~~~.~≈≈≈≈≈~~~F@.~~≈~.#
#.~~≈~≈≈≈≈≈~~~~r~~~≈≈~.#
#.~≈≈≈≈≈≈≈≈≈≈≈≈≈≈≈≈≈~~.#
#.~~~~~~~~~~~~~~~~~~~..#
#....†..~.~~~~~†~.....##
#######################


You could see a bullfrog and a quokka.

Vanquished Creatures
  3 gnolls (D:3)
  11 adders
  8 ball pythons
  An endoplasm (D:1)
  10 giant cockroaches
  3 hobgoblins
  6 quokkas
  10 bats
  12 frilled lizards
  4 goblins
  A kobold (D:1)
  5 rats
74 creatures vanquished.

Notes
Turn   | Place    | Note
-------+----------+-------------------------------------------
     0 | D:1      | BinkBink the Deep Elf Hunter began the quest for the Orb.
     0 | D:1      | Reached XP level 1. HP: 12/12 MP: 3/3
   184 | D:1      | Found Utsuocee's Vocational Training.
   189 | D:1      | Reached skill level 6 in Ranged Weapons
   189 | D:1      | Reached XP level 2. HP: 16/16 MP: 4/4
   347 | D:1      | Found a faded altar of an unknown god.
   363 | D:1      | Prayed at the altar of an unknown god.
   363 | D:1      | Became a worshipper of Kikubaaqudgha
   363 | D:1      | Reached * piety under Kikubaaqudgha
   363 | D:1      | Received a gift from Kikubaaqudgha
   488 | D:2      | Reached XP level 3. HP: 13/20 MP: 5/5
   604 | D:2      | Reached skill level 7 in Ranged Weapons
  1115 | D:3      | Reached XP level 4. HP: 17/25 MP: 6/6
  1265 | D:3      | Reached skill level 8 in Ranged Weapons
  1265 | D:3      | Found a glowing drain.
  1274 | Sewer    | Entered a sewer
  1301 | Sewer    | Reached ** piety under Kikubaaqudgha
  1330 | Sewer    | Reached XP level 5. HP: 29/29 MP: 7/7
  1515 | Sewer    | Reached skill level 9 in Ranged Weapons
  1556 | Sewer    | HP: 1/43 [bullfrog (5)]
  1558 | Sewer    | Mangled by a bullfrog

Illustrated notes

Levels and vault maps discovered:
D:1:      dpeg_arrival_subterranean_lakeside_camping, layout_rooms,
          ebering_ecumenical_altar_ruins, nicolae_shop_vocational
D:2:      layout_basic
D:3:      layout_basic, portal_sewer_entry_d, serial_shops,
          nicolae_shop_temple_entry_statues_fountains
Sewer:    sewer_frog_island_01

Skill      XL: |  1  2  3  4  5 |
---------------+----------------+-----
Ranged Weapons | 6 7 8 9 |  9.0
Fighting       | |  1.5
Dodging        | |  2.4
Stealth        | |  1.2

Action                     |  1- 3 |  4- 6 || total
---------------------------+-------+-------++-------
  Melee: Shortbow          |       |     1 ||     1
   Fire: Shortbow          |   124 |   121 ||   245
    Use: Potion            |     3 |     2 ||     5
 Armour: Leather armour    |    19 |       ||    19
         Robe              |     7 |    28 ||    35
         Skin              |     6 |       ||     6
  Dodge: Dodged            |    34 |    41 ||    75

Table legend: (Time is in decaauts)
 A = Elapsed time spent in this place.
 B = Non-inter-level travel time spent in this place.
 C = Inter-level travel time spent in this place.
 D = Time resting spent in this place.
 E = Time spent auto-exploring this place.
 F = Levels seen in this place.
 G = Mean time per level.
                   A        B        C        D        E       F      G
               +--------+--------+--------+--------+--------+-----+--------+
         Total |   1608 |   1541 |     67 |     77 |    949 |   4 |  402.0 |
       Dungeon |   1295 |   1228 |     67 |     77 |    795 |   3 |  431.7 |
         Sewer |    312 |    312 |      0 |      0 |    153 |   1 |  312.0 |
               +--------+--------+--------+--------+--------+-----+--------+

Top non-repeatable levels by time:
     D:2: 636 daAuts
     D:1: 477 daAuts
   Sewer: 312 daAuts
     D:3: 181 daAuts
